 Dungeon Crawl Stone Soup version 0.17-a0-469-g696e5a1 (webtiles) character file.

4008 dysrexia the Grappler (level 10, -8/107 HPs)
             Began as a Troll Chaos Knight on Mar 3, 2015.
             Mangled by Snorg (22 damage)
             ... on level 10 of the Dungeon on Apr 6, 2015.
             The game lasted 00:32:00 (6583 turns).

dysrexia the Grappler (Troll Chaos Knight)          Turns: 6583, Time: 00:32:03

Health: -8/107     AC: 10    Str: 24    XL:     10   Next: 3%
Magic:  9/9        EV: 15    Int:  8    God:    Xom [.....*]
Gold:   741        SH:  0    Dex: 12    Spells: 0 memorised, 9 levels left

rFire  + . .     SeeInvis .       - Unarmed
rCold  . . .     Clarity  +     b - +2 robe
rNeg   . . .     SustAb   .     (no shield)
rPois  +         Gourm    +     (helmet restricted)
rElec  .         Spirit   .     R - +2 cloak
rCorr  .         Warding  .     (gloves unavailable)
rMut   .         Stasis   .     (boots unavailable)
MR     +....                    D - amulet of the gourmand
Stlth  +.........               U - ring of protection from magic
                                j - +3 ring of evasion (curse)

@: somewhat resistant to hostile enchantments, very unstealthy
A: unfitting armour, claws 3, clarity, fire resistance 1, fast metabolism 3,
gourmand, poison resistance, regeneration 2, robust 1, shaggy fur 1, strong 1,
tough skin 2, wild magic 1, evolution 1
a: Renounce Religion


You were on level 10 of the Dungeon.
You worshipped Xom.
You were Xom's teddy bear.
You were full.

You visited 1 branch of the dungeon, and saw 10 of its levels.
You also visited: Ossuary.

You collected 760 gold pieces.
You spent 19 gold pieces at shops.

Inventory:

Hand weapons
 E - a +0 blowgun
 S - the +9 morningstar of Cataclysm {crush, Dex+2}
   (You found it on level 9 of the Dungeon)

   It inflicts extra damage upon your enemies.
   It affects your dexterity (+2).
Missiles
 e - 39 stones (quivered)
 v - 19 poisoned needles
Armour
 b - a +2 robe (worn)
 r - a +0 robe of fire resistance
 R - a +2 cloak (worn)
Rods
 O - a +0 rod of inaccuracy (10/10)
   (You found it on level 4 of the Dungeon)
Jewellery
 j - a cursed +3 ring of evasion (left claw)
 D - an amulet of the gourmand (around neck)
 U - a ring of protection from magic (right claw)
Magical devices
 c - a wand of flame (20)
 q - a wand of frost (23)
 w - a wand of digging (8)
 y - a wand of lightning (6)
 B - a wand of hasting (4)
 H - a wand of cold (3)
 N - a wand of magic darts (13)
 P - a wand of confusion (22)
 T - a wand of confusion (33)
Scrolls
 f - 6 scrolls of teleportation
 h - 2 scrolls of enchant weapon
 n - 2 scrolls of blinking
 o - a scroll of identify
 p - 3 scrolls of remove curse
 u - 2 scrolls of fog
 M - 2 scrolls of enchant armour
Potions
 i - 3 potions of might {unknown}
 k - 2 potions of brilliance {unknown}
 m - a potion of ambrosia {unknown}
 t - 2 potions of restore abilities {unknown}
 x - a potion of heal wounds {unknown}
 z - a potion of agility {unknown}
 A - 2 potions of degeneration {unknown}
 C - a potion of curing {unknown}
 J - a potion of lignification {unknown}
Books
 l - a book of Conjurations

   Spells                             Type                      Level
   a - Magic Dart                     Conjuration                  1
   b - Searing Ray                    Conjuration                  2
   c - Dazzling Spray                 Conjuration/Hexes            3
   d - Fulminant Prism                Conjuration/Hexes            4
   e - Iskenderun's Mystic Blast      Conjuration                  4
   f - Iskenderun's Battlesphere      Conjuration/Charms           5
 L - a book of Cantrips

   Spells                             Type                      Level
   a - Corona                         Hexes                        1
   b - Animate Skeleton               Necromancy                   1
   c - Summon Small Mammal            Summoning                    1
   d - Apportation                    Translocation                1
 Q - a book of Callings

   Spells                             Type                      Level
   a - Summon Small Mammal            Summoning                    1
   b - Call Imp                       Summoning                    2
   c - Call Canine Familiar           Summoning                    3
   d - Summon Guardian Golem          Hexes/Summoning              3
   e - Summon Lightning Spire         Summoning/Air                4
   f - Summon Ice Beast               Ice/Summoning                4
Comestibles
 a - 8 meat rations
 d - 5 beef jerkies
 g - 9 bread rations
 F - 5 fruits
 I - 7 slices of pizza


   Skills:
 + Level 6.2 Fighting
 - Level 1.5 Armour
 + Level 5.8 Dodging
 - Level 11.0 Unarmed Combat


You had 9 spell levels left.
You didn't know any spells.

Dungeon Overview and Level Annotations

Branches:
Dungeon (10/15)            Temple (0/1) D:6             Orc (0/4) D:9
   Lair: D:8-11

Altars:
Qazlal

Shops:
D:4 [   D:5 :   D:7 [=*}=

Annotations:
D:10 Snorg


Innate Abilities, Weirdness & Mutations

You are too large for most types of armour.
You have claws for hands.
Your metabolism is lightning-fast.
You like to eat raw meat.
You heal very quickly.
You are covered in fur (AC +1).
You have very tough skin (AC +2).
You possess an exceptional clarity of mind.
Your flesh is heat resistant.
Your system is resistant to poisons.
You are robust (+10% HP).
Your muscles are strong. (Str +2)
Your spells are a little harder to cast, but a little more powerful.
You evolve.


Message History

Your quasit claws the scorpion.
Your quasit misses the scorpion.
The scorpion closely misses your quasit.
Your quasit barely misses the scorpion.
Your quasit claws the scorpion but does no damage. x2
Snorg closely misses you. Snorg claws you! Snorg misses you.
The scorpion stings your quasit but does no damage.
There is a stone staircase leading up, spattered with blood here.
You feel yourself speed up.
Your quasit barely misses the scorpion.
Your quasit claws the scorpion but does no damage.
Your quasit closely misses the scorpion.
Snorg bites you!!
* * * LOW HITPOINT WARNING * * *
Snorg claws you!
* * * LOW HITPOINT WARNING * * *
Snorg claws you but does no damage.
Your quasit bites the scorpion.
Your quasit barely misses the scorpion. x2
The scorpion barely misses your quasit. Snorg bites you!!
You die...
Xom titters!

#......###........###....
#......###........# #....
#......###........# #....
#.....>.W..##.....###....
#......#s#.##..........##
#......#5#.##..........#
#......#5#..#..........#
#.##...T<##.#..........##
#.......@##............#.
#..#.....###'##########..
###......#....h..§###§§§§..
#.......)#.#......##§§§§§..
#..............(..##.§§###.
#.................W...§.#
#.......#...#+##.....#..#
#.......'...# #.....####
#.......#.#.# #.....#


You could see Snorg (berserk), a wraith, a scorpion, a friendly quasit and a
friendly crimson imp.

Vanquished Creatures
  Maurice (D:8)
  A troll (D:9)
  A hungry ghost (D:10)
  A wyvern (D:8)
  A human (D:7)
  A hippogriff (D:7)
  A black bear (D:6)
  3 sky beasts
  A phantom (D:6)
  An ogre (D:7)
  A centaur (D:9)
  An orc warrior (D:8)
  A wasp (D:10)
  3 giant frogs
  3 scorpions
  6 killer bees (D:9)
  A centaur zombie (Ossuary)
  2 giant frog zombies
  2 crimson imps
  A giant frog skeleton (D:7)
  2 human zombies (Ossuary)
  5 orc priests
  14 orc wizards
  A centaur skeleton (D:5)
  5 hounds
  Natasha (D:4)
  4 sheep (D:7)
  5 worker ants
  2 iguanas
  3 big kobold zombies (Ossuary)
  2 mummies (Ossuary)
  3 adders
  A worker ant zombie (D:7)
  6 worms
  An adder skeleton (D:4)
  2 adder zombies
  2 giant geckos
  An ooze (D:4)
  46 orcs
  A ball python (D:6)
  6 bats
  A bat skeleton (D:4)
  3 giant cockroaches
  2 gnoll zombies (Ossuary)
  9 goblins
  7 hobgoblins
  3 jackals (D:2)
  2 quokkas
  A ball python zombie (D:5)
  A giant newt (D:1)
  A goblin zombie (Ossuary)
  2 hobgoblin zombies (Ossuary)
  10 kobolds
  3 orc zombies (Ossuary)
  2 quokka zombies
  15 rats
  A rat zombie (D:4)
  A ballistomycete (D:10)
210 creatures vanquished.

Vanquished Creatures (collateral kills)
  A giant frog skeleton (D:5)
  A worker ant (D:4)
  2 orcs (D:5)
  2 goblins (D:5)
6 creatures vanquished.

Vanquished Creatures (others)
  3 crimson imps (D:10)
  An iron imp (D:7)
  2 quasits (D:10)
  A shadow imp (D:10)
  A white imp (Ossuary)
  2 ufetubi (D:10)
  An orc (D:6)
  A giant spore (D:10)
12 creatures vanquished.

Grand Total: 228 creatures vanquished

Notes
Turn   | Place    | Note
--------------------------------------------------------------
     0 | D:1      | dysrexia, the Troll Chaos Knight, began the quest for the Orb.
     0 | D:1      | Reached XP level 1. HP: 22/22 MP: 1/1
     1 | D:1      | Upgraded the game from 0.17-a0-1-g1f4be75 to 0.17-a0-288-gaf424a4
   135 | D:1      | XOM: silly message
   396 | D:2      | XOM: divination: magic mapping
   486 | D:2      | XOM: divination: detect creatures
   495 | D:2      | Reached XP level 2. HP: 23/29 MP: 1/1
   564 | D:2      | Reached skill level 4 in Unarmed Combat
   651 | D:2      | Upgraded the game from 0.17-a0-288-gaf424a4 to 0.17-a0-464-g85d6e2c
   702 | D:2      | Reached XP level 3. HP: 36/36 MP: 2/2
   705 | D:2      | XOM: divination: detect creatures
   896 | D:2      | XOM: divination: detect items
   917 | D:2      | XOM: colour smoke trail
  1181 | D:3      | XOM: divination: detect items
  1323 | D:3      | Reached XP level 4. HP: 33/44 MP: 3/3
  1324 | D:3      | XOM: divination: detect creatures
  1534 | D:4      | Reached skill level 5 in Unarmed Combat
  1604 | D:4      | Found a sand-covered staircase.
  1617 | D:4      | Identified a +0 rod of inaccuracy (10/10) (You found it on level 4 of the Dungeon)
  1621 | Ossuary  | Entered an ossuary
  1659 | Ossuary  | XOM: summons friendly white imp
  1662 | Ossuary  | Reached XP level 5. HP: 17/50 MP: 4/4
  1731 | Ossuary  | Reached skill level 6 in Unarmed Combat
  1854 | Ossuary  | Reached XP level 6. HP: 55/59 MP: 5/5
  1952 | D:4      | XOM: 4-stop teleportation journey
  1978 | D:4      | XOM: summons 6 friendly demons
  2004 | D:4      | XOM: mild Erth miscast
  2044 | D:4      | Found Zuaff's Antique Armour Shop.
  2052 | D:4      | Bought an embroidered robe for 19 gold pieces
  2100 | D:4      | Noticed Natasha
  2108 | D:4      | Killed Natasha
  2132 | D:4      | Got a faintly glowing spear
  2133 | D:4      | Identified the +10 spear "Ogreslayer" {freeze, +Blink MR+ Str+2 Int-3} (You found it on level 4 of the Dungeon)
  2335 | D:4      | Reached skill level 7 in Unarmed Combat
  2560 | D:5      | Entered Level 5 of the Dungeon
  2683 | D:5      | XOM: smoke on damage
  2686 | D:5      | Reached skill level 8 in Unarmed Combat
  2686 | D:5      | Reached XP level 7. HP: 25/66 MP: 6/6
  2917 | D:5      | Found Uhikat's Book Shoppe.
  3007 | D:5      | XOM: draining
  3038 | D:5      | XOM: harmless Fire miscast
  3104 | D:5      | XOM: divination: magic mapping
  3235 | D:6      | Found a staircase to the Ecumenical Temple.
  3420 | D:6      | XOM: destruction
  3496 | D:6      | XOM: smoke on damage
  3566 | D:6      | XOM: god gift: 23 gold pieces
  3604 | D:6      | XOM: blink monster(s)
  3611 | D:6      | Reached skill level 9 in Unarmed Combat
  3954 | D:6      | XOM: god gift: jewelled bone wand {god gift}
  3965 | D:6      | Upgraded the game from 0.17-a0-464-g85d6e2c to 0.17-a0-469-g696e5a1
  3980 | D:6      | XOM: confuse monster(s)
  3990 | D:6      | Reached XP level 8. HP: 74/74 MP: 7/7
  4061 | D:7      | Found Lipuhap's Jewellery Emporium.
  4079 | D:7      | Reached skill level 10 in Unarmed Combat
  4086 | D:7      | Gained mutation: You evolve. [mutagenic meat]
  4087 | D:7      | Gained mutation: You are dopey. (Int -2) [mutagenic meat]
  4227 | D:7      | Gained mutation: You possess an exceptional clarity of mind. [evolution]
  4282 | D:7      | XOM: potion effect (agility)
  4375 | D:7      | Found Omer's Gadget Emporium.
  4480 | D:7      | XOM: enchant monster (good)
  4608 | D:7      | Found Ewo Hano's Jewellery Shop.
  4648 | D:7      | Reached skill level 11 in Unarmed Combat
  4662 | D:7      | Found Osuan's General Store.
  4664 | D:7      | Reached skill level 1 in Dodging
  4765 | D:7      | Found Corchi Wena's Antique Armour Emporium.
  4790 | D:7      | XOM: summons 8 friendly demons
  4859 | D:8      | Noticed Maurice
  4972 | D:8      | Killed Maurice
  4972 | D:8      | Reached XP level 9. HP: 80/84 MP: 8/8
  5025 | D:8      | XOM: mild Tloc miscast
  5031 | D:8      | XOM: divination: magic mapping
  5120 | D:8      | XOM: fog
  5311 | D:8      | XOM: give mutations
  5311 | D:8      | Gained mutation: Your spells are a little harder to cast, but a little more powerful. [Xom's grace]
  5311 | D:8      | Gained mutation: Your muscles are strong. (Str +2) [Xom's grace]
  5311 | D:8      | Gained mutation: You are robust (+10% HP). [Xom's grace]
  5522 | D:8      | XOM: vitrification
  5626 | D:8      | Lost mutation: You are dopey. (Int -2) [evolution]
  5771 | D:9      | Reached skill level 5 in Fighting
  5773 | D:9      | Found a stormy altar of Qazlal.
  5876 | D:9      | XOM: divination: detect items
  5882 | D:9      | XOM: swap monsters
  5924 | D:9      | Got a steaming morningstar
  5925 | D:9      | Identified the +9 morningstar of Cataclysm {crush, Dex+2} (You found it on level 9 of the Dungeon)
  5933 | D:9      | XOM: enchant monster (good)
  5939 | D:9      | Reached skill level 5 in Dodging
  5997 | D:9      | XOM: enchant monster (good)
  6054 | D:9      | Found a staircase to the Orcish Mines.
  6416 | D:10     | Entered Level 10 of the Dungeon
  6491 | D:10     | Reached XP level 10. HP: 107/107 MP: 9/9
  6515 | D:10     | XOM: vitrification
  6535 | D:10     | XOM: 1-stop teleportation journey
  6538 | D:10     | Noticed Snorg
  6543 | D:10     | XOM: fog
  6545 | D:10     | XOM: give mutations
  6545 | D:10     | Gained mutation: Your system is resistant to poisons. [Xom's grace]
  6545 | D:10     | Gained mutation: Your flesh is heat resistant. [Xom's grace]
  6549 | D:10     | XOM: summons 10 friendly demons
  6560 | D:10     | XOM: summons friendly quasit
  6571 | D:10     | XOM: summons friendly quasit
  6583 | D:10     | Mangled by Snorg

Action                   |  1- 3 |  4- 6 |  7- 9 | 10-12 || total
-------------------------+-------+-------+-------+-------++-------
Melee: Unarmed           |    90 |   194 |   353 |     6 ||   643
  Use: Scroll            |     5 |     3 |     3 |       ||    11
 Stab: Confused          |       |       |     5 |       ||     5
  Eat: Chunk             |    11 |    13 |    40 |       ||    64
